 Dungeon Crawl Stone Soup version 0.17.0-28-g6e173f8 (webtiles) character file.

8349 septik the Basher (level 11, -10/72 HPs)
             Began as a Gargoyle Fighter on Nov 30, 2015.
             Was a High Priest of Okawaru.
             Killed by the air
             ... invoked by Gastronok
              (24 damage)
             ... on level 1 of the Lair of Beasts.
             The game lasted 00:27:32 (11966 turns).

septik the Basher (Gargoyle Fighter)               Turns: 11966, Time: 00:27:32

Health: -10/72     AC: 18    Str: 23    XL:     11   Next: 29%
Magic:  9/9        EV: 13    Int:  8    God:    Okawaru [*****.]
Gold:   408        SH: 19    Dex: 21    Spells: 0 memorised, 10 levels left

rFire  . . .     SeeInvis .     Z - +3 mace (holy)
rCold  . . .     Clarity  .     b - +0 scale mail
rNeg   + + .     SustAt   .     E - +3 large shield of the Cast Vote {+Blink Str+2 Dex+3}
rPois  ∞         Gourm    .     (no helmet)
rElec  +         Spirit   .     Q - +0 cloak
rCorr  .         Warding  .     (no gloves)
rMut   .         Stasis   .     Y - +0 pair of boots of the Planets {Dex+6}
MR     .....                    (no amulet)
Stlth  +.........               X - ring of positive energy
                                D - +4 ring of evasion

@: not resistant to hostile enchantments, very unstealthy
A: rugged brown scales 1, low mp 1, mutation resistance 1, negative energy
resistance 1, robust 1, electricity resistance, wild magic 1, unbreathing,
petrification resistance, rot immunity, AC +7
a: Heroism, Finesse, Renounce Religion, Evoke Blink


You were on level 1 of the Lair of Beasts.
You worshipped Okawaru.
Okawaru was extremely pleased with you.
You were hungry.

You visited 2 branches of the dungeon, and saw 11 of its levels.
You also visited: Sewer.

You collected 558 gold pieces.
You spent 150 gold pieces at shops.

Inventory:

Hand Weapons
 a - a +1 flail
 T - the +12 Glaive of Prune {chop}
   (You found it on level 9 of the Dungeon)

   It inflicts extra damage upon your enemies.
 Z - a +3 mace of holy wrath (weapon)
Missiles
 f - 426 stones (quivered)
 S - a throwing net
Armour
 b - a +0 scale mail (worn)
 E - the +3 large shield of the Cast Vote (worn) {+Blink Str+2 Dex+3}
   (You found it on level 1 of the Lair of Beasts)

   It affects your strength (+2).
   It affects your dexterity (+3).
   It lets you blink.
 Q - a +0 cloak (worn)
 Y - the +0 pair of boots of the Planets (worn) {Dex+6}
   (You found it on level 10 of the Dungeon)

   It affects your dexterity (+6).
Jewellery
 j - an uncursed ring of fire
 D - a +4 ring of evasion (left hand)
 M - an uncursed ring of see invisible
 X - a ring of positive energy (right hand)
Scrolls
 m - 2 scrolls of identify
 u - 3 scrolls of teleportation
 A - 4 scrolls of magic mapping
 I - a scroll of blinking
 K - a scroll of immolation {unknown}
 L - 5 scrolls of remove curse
 N - 2 scrolls of recharging {unknown}
 P - 3 scrolls of fog {unknown}
Potions
 d - 3 potions of might
 g - 4 potions of lignification
 i - 4 potions of flight
 k - 4 potions of heal wounds
 l - 2 potions of agility
 p - a potion of degeneration {unknown}
 w - 3 potions of resistance
 C - a potion of ambrosia {unknown}
 F - a potion of haste {unknown}
 O - 3 potions of invisibility
Books
 n - a book of Necromancy

   Spells                             Type                      Level
   a - Pain                           Necromancy                   1
   b - Animate Skeleton               Necromancy                   1
   c - Vampiric Draining              Necromancy                   3
   d - Regeneration                   Charms/Necromancy            3
   e - Animate Dead                   Necromancy                   4
   f - Control Undead                 Necromancy                   4
Comestibles
 c - a meat ration
 e - 8 bread rations
 h - 6 chunks of flesh


   Skills:
 + Level 5.8 Fighting
 - Level 14.1 Maces & Flails
 + Level 6.0 Armour
 + Level 3.4 Dodging
 + Level 6.0 Shields


You had 10 spell levels left.
You didn't know any spells.

Dungeon Overview and Level Annotations

Branches:
Dungeon (10/15)            Temple (0/1) D:6            Lair (1/8) D:10
    Orc (0/4) D:9

Altars:
Ashenzari
Gozag
Makhleb
Nemelex Xobeh
Okawaru
Sif Muna
Trog
Yredelemnul
Zin

Shops:
D:4 *   D:5 }   D:6 *   D:9 (=[*

Annotations:
Lair:1 Gastronok


Innate Abilities, Weirdness & Mutations

You are resistant to torment.
Your stone body is resilient (AC +7).
You are immune to poison.
You resist negative energy.
You are resistant to electric shocks.
You can survive without breathing.
You are immune to petrification.
You are immune to rotting.
You are partially covered in rugged brown scales (AC +1, +3% HP).
Your magical capacity is low (-10% MP).
You are somewhat resistant to further mutation.
You are robust (+10% HP).
Your spells are a little harder to cast, but a little more powerful.


Message History

You block the quokka's attack. The river rat bites you.
You hit Gastronok.
Gastronok is heavily wounded.
You block the quokka's attack. You block the quokka's attack.
You barely miss the quokka. You closely miss the quokka.
You block the quokka's attack. The quokka misses you.
You barely miss the quokka.
Gastronok waves his eye-stalks in wide circles.
The air twists around and strikes you!
* * * LOW HITPOINT WARNING * * *
You block the quokka's attack.
You sock the quokka!
You kill the quokka!
The quokka's corpse disappears in a puff of smoke!
The river rat twitches its whiskers.
Gastronok waves his eye-stalks in wide circles.
The air twists around and strikes you!
You die...

####..#.........#
##..###.........
#..#.#..........
##.#.##..........
##..####..........
##..######......... #+#+
###..#...####........ #...
####P........####.....##
###...##.....#@......# #P...#.#
#PP.....w....r.......#####.####
.......####............## ###
...#### ###............# P
#P.............## ##
##..............## ##[
#................# ##..
#..).............###...
###..............##..##


You could see Gastronok and a river rat.

Vanquished Creatures
  The ghost of Sagrath01 the Blocker, a novice DsFi (D:6)
  A centaur skeleton (D:10)
  2 komodo dragons
  A spiny frog (Lair:1)
  A fire drake (D:10)
  A two-headed ogre (D:8)
  A yak (D:10)
  A spriggan (D:7)
  A wyvern (D:10)
  A wraith (D:10)
  A basilisk (Lair:1)
  A hungry ghost (D:7)
  A hippogriff (D:7)
  The ghost of septik the Cudgeler, an amateur GrFi (D:4)
  2 water moccasins
  A porcupine (Lair:1)
  An ice beast (D:8)
  4 sky beasts
  3 centaurs
  A black bear (D:8)
  2 orc warriors (D:9)
  A crocodile (D:10)
  2 necrophages (D:9)
  4 ogres
  3 phantoms
  A big kobold (Sewer)
  2 elf zombies (D:10)
  8 giant frogs
  A wyvern skeleton (D:9)
  A troll zombie (D:10)
  7 killer bees (D:9)
  2 scorpions
  6 wights
  6 orc priests
  A quasit (D:10)
  5 iguanas
  4 jellies
  2 crimson imps
  A giant frog skeleton (D:4)
  6 hounds
  2 human zombies (D:10)
  Ijyb (D:2)
  2 human skeletons (D:10)
  14 orc wizards
  3 worker ants
  A mummy (D:10)
  A worker ant zombie (D:6)
  A hound skeleton (D:7)
  7 river rats (Lair:1)
  16 adders
  4 gnolls (D:2)
  A shadow imp (D:8)
  6 oozes
  2 adder skeletons (D:4)
  3 worms (D:4)
  7 giant geckos
  33 orcs
  8 bats
  7 giant cockroaches
  10 hobgoblins
  2 jackals (D:6)
  22 kobolds
  4 quokkas
  4 ball pythons
  8 giant newts
  6 goblins
  An orc zombie (D:10)
  12 rats
280 creatures vanquished.

Notes
Turn   | Place    | Note
--------------------------------------------------------------
     0 | D:1      | septik the Gargoyle Fighter began the quest for the Orb.
     0 | D:1      | Reached XP level 1. HP: 14/14 MP: 1/1
    90 | D:1      | Reached XP level 2. HP: 14/19 MP: 2/2
   494 | D:1      | Reached XP level 3. HP: 23/23 MP: 3/3
   804 | D:2      | Reached skill level 4 in Maces & Flails
   843 | D:2      | Reached XP level 4. HP: 15/28 MP: 4/4
  1026 | D:2      | Found an iron altar of Okawaru.
  1055 | D:2      | Became a worshipper of Warmaster Okawaru
  1168 | D:2      | Noticed Ijyb
  1169 | D:2      | Found a shattered altar of Ashenzari.
  1183 | D:2      | Killed Ijyb
  1398 | D:2      | Reached skill level 5 in Maces & Flails
  1398 | D:2      | Reached XP level 5. HP: 32/32 MP: 5/5
  2328 | D:4      | Reached skill level 6 in Maces & Flails
  2453 | D:3      | Reached XP level 6. HP: 37/37 MP: 6/6
  2460 | D:4      | Found a glowing drain.
  2460 | D:4      | Noticed septik's ghost (amateur GrFi)
  2491 | D:4      | Killed septik's ghost
  2515 | Sewer    | Entered a sewer
  2617 | Sewer    | Reached * piety under Okawaru
  2617 | Sewer    | Reached skill level 7 in Maces & Flails
  2706 | Sewer    | Reached XP level 7. HP: 37/41 MP: 7/7
  3087 | D:4      | Noticed a moth of wrath
  3097 | D:4      | Found a bloodstained altar of Trog.
  3164 | D:4      | Found Keyx's General Store.
  3296 | D:4      | Noticed a phantom
  3319 | D:4      | Killed a phantom
  3319 | D:4      | Reached skill level 8 in Maces & Flails
  3412 | D:4      | Found an opulent altar of Gozag.
  3614 | D:5      | Entered Level 5 of the Dungeon
  3848 | D:5      | Gained mutation: Your spells are a little harder to cast, but a little more powerful. [mutagenic meat]
  3849 | D:5      | Gained mutation: Your magical capacity is low (-10% MP). [mutagenic meat]
  3850 | D:5      | Gained mutation: You are robust (+10% HP). [mutagenic meat]
  3852 | D:5      | Gained mutation: You are partially covered in rugged brown scales (AC +1, +3% HP). [mutagenic meat]
  3853 | D:5      | Gained mutation: You are somewhat resistant to further mutation. [mutagenic meat]
  4035 | D:5      | Reached skill level 9 in Maces & Flails
  4506 | D:5      | Reached XP level 8. HP: 44/51 MP: 7/7
  4593 | D:5      | Found Kist's Gadget Emporium.
  5204 | D:6      | Reached ** piety under Okawaru
  5289 | D:6      | Reached skill level 10 in Maces & Flails
  5297 | D:6      | Found a staircase to the Ecumenical Temple.
  5430 | D:6      | Noticed Sagrath01's ghost (novice DsFi)
  5456 | D:6      | Killed Sagrath01's ghost
  5456 | D:6      | Reached skill level 11 in Maces & Flails
  5456 | D:6      | Reached XP level 9. HP: 45/57 MP: 6/8
  5679 | D:6      | HP: 2/57 [orc priest/divine providence (12)]
  6060 | D:6      | Found Pulegrofot's Assorted Antiques.
  6068 | D:6      | Bought a tourmaline ring for 150 gold pieces
  6420 | D:6      | Found Pulegrofot's Assorted Antiques.
  6453 | D:6      | Found a staircase to the Ecumenical Temple.
  6855 | D:6      | Reached *** piety under Okawaru
  6975 | D:7      | Reached skill level 12 in Maces & Flails
  6985 | D:7      | Found a deep blue altar of Sif Muna.
  7444 | D:7      | HP: 1/57 [spriggan baker/dagger (11)]
  7890 | D:7      | Found a sparkling altar of Nemelex Xobeh.
  7957 | D:7      | Found an opulent altar of Gozag.
  8103 | D:8      | Reached skill level 13 in Maces & Flails
  8455 | D:8      | Reached **** piety under Okawaru
  8564 | D:8      | Reached XP level 10. HP: 44/63 MP: 9/9
  8745 | D:8      | Found a burning altar of Makhleb.
  8745 | D:8      | Noticed a blizzard demon
  9380 | D:9      | Found Gefawiem's Armour Emporium.
  9393 | D:9      | Found Poatyty's Jewellery Shop.
  9441 | D:9      | Found Julak's Assorted Antiques.
  9529 | D:9      | Reached skill level 14 in Maces & Flails
  9580 | D:9      | Found a bloodstained altar of Trog.
  9783 | D:9      | Found a staircase to the Orcish Mines.
 10231 | D:9      | Reached skill level 1 in Dodging
 10334 | D:9      | Found Itiamp's Weapon Boutique.
 10378 | D:9      | Received a gift from Okawaru
 10592 | D:9      | Found a glowing silver altar of Zin.
 10593 | D:9      | Noticed an angel
 10695 | D:10     | Entered Level 10 of the Dungeon
 10976 | D:10     | Got a pair of ichor-stained boots
 10989 | D:10     | Identified the +0 pair of boots of the Planets {Dex+6} (You found it on level 10 of the Dungeon)
 11027 | D:10     | Reached ***** piety under Okawaru
 11027 | D:10     | Reached skill level 5 in Shields
 11042 | D:10     | Received a gift from Okawaru
 11045 | D:10     | Reached skill level 5 in Armour
 11101 | D:10     | Found a staircase to the Lair.
 11253 | D:10     | Reached XP level 11. HP: 70/70 MP: 9/9
 11269 | D:10     | Reached skill level 5 in Fighting
 11356 | D:10     | Found a basalt altar of Yredelemnul.
 11506 | Lair:1   | Entered Level 1 of the Lair of Beasts
 11526 | Lair:1   | Got a transparent large shield
 11535 | Lair:1   | Identified the +3 large shield of the Cast Vote {+Blink Str+2 Dex+3} (You found it on level 1 of the Lair of Beasts)
 11933 | Lair:1   | Noticed Gastronok
 11966 | Lair:1   | Killed from afar by Gastronok

Action                   |  1- 3 |  4- 6 |  7- 9 | 10-12 || total
-------------------------+-------+-------+-------+-------++-------
Melee: Flail             |   129 |   212 |   322 |   191 ||   854
       Lajatang          |       |       |   189 |       ||   189
       Glaive            |       |       |       |   173 ||   173
       Mace              |       |       |       |   104 ||   104
Invok: Heroism           |       |       |     2 |       ||     2
  Use: Scroll            |       |    10 |     6 |     5 ||    21
       Potion            |       |       |     1 |       ||     1
  Eat: Chunk             |       |     7 |    33 |    12 ||    52
       Meat ration       |       |       |     1 |       ||     1
